 Dungeon Crawl Stone Soup version 0.18-a0-1418-ga86aa8f (webtiles) character file.

149 Tomstefer the Sneak (level 5, -3/24 HPs)
             Began as a Spriggan Enchanter on Feb 26, 2016.
             Slain by Natasha (5 damage)
             ... on level 2 of the Dungeon.
             The game lasted 00:07:27 (3563 turns).

Tomstefer the Sneak (Spriggan Enchanter)            Turns: 3563, Time: 00:07:27

Health: -3/24      AC:  4    Str:  4    XL:     5   Next: 9%
Magic:  7/10       EV: 18    Int: 17    God:
Gold:   68         SH:  0    Dex: 17    Spells: 2 memorised, 6 levels left

rFire  . . .     SeeInvis +     a - +1 dagger
rCold  . . .     Gourm    .     b - +1 robe
rNeg   . . .     Faith    .     (shield restricted)
rPois  .         Spirit   .     (helmet restricted)
rElec  .         Dismiss  .     j - +0 cloak
rCorr  .         Reflect  .     (gloves unavailable)
SustAt .         Harm     .     (boots unavailable)
MR     .....                    (no amulet)
Stlth  ++++......               (no ring)
                                (no ring)

@: very quick, not resistant to hostile enchantments, stealthy
A: unfitting armour, see invisible, herbivore 3, speed 3, slow metabolism 2
a: no special abilities


You were on level 2 of the Dungeon.
You were not hungry.

You visited 1 branch of the dungeon, and saw 3 of its levels.

You collected 68 gold pieces.

Inventory:

Hand Weapons
 a - a +1 dagger (weapon)
Armour
 b - a +1 robe (worn)
 j - a +0 cloak (worn)
Wands
 l - a wand of paralysis (14/24)
Scrolls
 e - a scroll of amnesia {unknown}
 f - a scroll of enchant armour {unknown}
 g - 2 scrolls of identify {unknown}
 k - 2 scrolls of teleportation {unknown}
 m - 2 scrolls of remove curse {unknown}
Potions
 d - a potion of lignification {unknown}
 h - a potion of curing {unknown}
 n - a potion of cancellation {unknown}
Books
 c - a book of Maledictions

   Spells                             Type                      Level
   a - Corona                         Hexes                        1
   b - Ensorcelled Hibernation        Hexes/Ice                    2
   c - Confuse                        Hexes                        3
   d - Tukima's Dance                 Hexes                        3
   e - Dazzling Spray                 Conjuration/Hexes            3
Comestibles
 i - 2 fruits


   Skills:
 + Level 1.8 Short Blades
 - Level 3.0 Dodging
 - Level 7.0 Stealth
 - Level 2.6 Spellcasting
 + Level 5.3 Hexes


You had 6 spell levels left.
You knew the following spells:

 Your Spells              Type           Power        Failure   Level  Hunger
a - Ensorcelled Hibernat  Hex/Ice        ##....       12%         2    ##.....
b - Corona                Hex            ###....      1%          1    #......


Dungeon Overview and Level Annotations

Branches:
Dungeon (3/15)

Altars:

Annotations:
D:2 Natasha


Innate Abilities, Weirdness & Mutations

You are tiny and cannot use many weapons and most armour.
You have supernaturally acute eyesight.
You are an herbivore.
You cover ground extremely quickly.
You need consume almost no food.


Message History

Natasha hisses angrily.
Natasha casts a spell at you. The magic dart hits you!
* * * LOW HITPOINT WARNING * * *
Casting: Ensorcelled Hibernation
Confirm with . or Enter, or press ? or * to list all spells.
Aiming: Ensorcelled Hibernation
Press: ? - help, Shift-Dir - straight line, f - you, p - Natasha That would be overly suicidal.
Okay, then.
Casting: Ensorcelled Hibernation
Confirm with . or Enter, or press ? or * to list all spells.
Aiming: Corona
Press: ? - help, Shift-Dir - straight line, f - Natasha
Aim: Natasha (chance to defeat MR: 59%) Natasha is outlined in light.
You hit Natasha.
Natasha is lightly wounded.
Natasha claws you.
You die...

#.##.# #.# ###.#....##
#.##.# #.# #.......##.
#.##.# #.# #.#....##..
#.##.# #.# #....###...
#.##.## #.# ##.#.# ####
#.#...###.## #...#
#...#......# #.###
#.#...###..########.#
#.........h@..>.....#
#<##........#########
##.##.####...###
##.......##.....# ######
##)#......###..#.# #.....
##.###..........#.# #.####
##.## ##....###....#
#.#... #.##
##..........#########.#.##
##.##
##....#..............#.#.#


You could see Natasha.

Vanquished Creatures
  Jessica (D:2)
  Natasha (D:2)
  3 adders
  An ooze (D:2)
  3 adder zombies (D:3)
  A dart slug (D:2)
  A giant gecko (D:3)
  3 giant cockroaches
  8 goblins (D:1)
  7 hobgoblins
  2 jackals (D:1)
  8 kobolds
  2 quokkas (D:3)
  4 bats
  A giant gecko skeleton (D:3)
  A giant gecko zombie (D:3)
  2 quokka skeletons (D:3)
  5 rats
54 creatures vanquished.

Notes
Turn   | Place    | Note
--------------------------------------------------------------
     0 | D:1      | Tomstefer the Spriggan Enchanter began the quest for the Orb.
     0 | D:1      | Reached XP level 1. HP: 9/9 MP: 5/5
   273 | D:1      | Reached XP level 2. HP: 13/13 MP: 3/6
   277 | D:1      | Learned a level 2 spell: Ensorcelled Hibernation
   441 | D:1      | Reached skill level 5 in Stealth
  1683 | D:2      | Reached XP level 3. HP: 16/16 MP: 8/8
  1933 | D:2      | Reached skill level 6 in Stealth
  2059 | D:2      | Noticed Natasha
  2417 | D:2      | Killed Natasha
  2417 | D:2      | Reached XP level 4. HP: 21/21 MP: 6/9
  2542 | D:2      | Reached skill level 5 in Hexes
  2651 | D:2      | Noticed Jessica
  2669 | D:2      | Killed Jessica
  2874 | D:2      | Found a faded altar to an unknown god.
  2892 | D:2      | Reached skill level 7 in Stealth
  3235 | D:3      | Reached XP level 5. HP: 8/24 MP: 0/10
  3558 | D:2      | Noticed Natasha
  3563 | D:2      | Slain by Natasha

Vault maps used:
D:1:      lightli_arrival_maybe_door_vault, serial_forest,
          infiniplex_forest_lined_2, infiniplex_forest_clump_small,
          infiniplex_forest_lined_2, infiniplex_forest_lined_3_way,
          infiniplex_forest_zigzag_2, infiniplex_forest_lined_ring,
          infiniplex_forest_clump_C, infiniplex_forest_lined_4_way,
          st_stairs_10, minmay_misc_feat_more_columns
D:2:      ecumenical_altar_2, nrook_mini_backslash, uniq_jessica, uniq_natasha
D:3:      minitemple, serial_undead, serial_undead_f, serial_undead_a,
          serial_undead_d, serial_undead_c

Skill      XL: |  1  2  3  4 |
---------------+-------------+-----
Hexes          | 4 5 |  5.3
Stealth        | 5 6 7 |  7.0
Short Blades   | |  1.8
Dodging        | |  3.0
Spellcasting   | |  2.6

Action                   |  1- 3 |  4- 6 || total
-------------------------+-------+-------++-------
Melee: Dagger            |   111 |    66 ||   177
 Cast: Corona            |    13 |     4 ||    17
       Ensorcelled Hiber |    23 |    19 ||    42
 Stab: Sleeping          |    17 |    14 ||    31
  Eat: Bread ration      |       |     1 ||     1
